 Dungeon Crawl Stone Soup version 0.29.0-10-g45618ea6d2 (webtiles) character file.

Game seed: 16112040187399101692

9994 Flugkiller the Cleaver (level 11, -2/101 HPs)
             Began as a Minotaur Fighter on Sept 1, 2022.
             Was a Priest of Cheibriados.
             Slain by Erica
             ... wielding a +4 scimitar of flaming
              (3 damage)
             ... on level 8 of the Dungeon.
             The game lasted 00:07:19 (10689 turns).

Flugkiller the Cleaver (Minotaur Fighter)          Turns: 10689, Time: 00:07:20

Health: -2/101     AC: 25    Str: 28    XL:     11   Next: 30%
Magic:  9/14       EV: 10    Int: 17    God:    Cheibriados [***...]
Gold:   1206       SH:  6    Dex: 21    Spells: 10/10 levels left

rFire   . . .      SeeInvis .   j - +0 broad axe (elec)
rCold   . . .      Faith    .   c - +0 buckler
rNeg    . . .      Spirit   .   o - +0 plate armour
rPois   .          Reflect  .   (helmet restricted)
rElec   .          Harm     .   H - +0 cloak
rCorr   .          Rampage  .   (no gloves)
Will    .....                   n - +0 pair of boots
Stlth   ..........              k - amulet of regeneration
HPRegen 1.06/turn               p - +4 ring of protection
MPRegen 0.14/turn               i - +4 ring of protection

@: slowed, very slow
A: horns 2, retaliatory headbutt, clever 1, high MP 1, mutation resistance 1
a: Renounce Religion, Bend Time, Temporal Distortion


You were on level 8 of the Dungeon.
You worshipped Cheibriados.
Cheibriados was most pleased with you.
You visited 2 branches of the dungeon, and saw 12 of its levels.
You also visited: Bailey.

You collected 1602 gold pieces.
You spent 396 gold pieces at shops.

Inventory:

Hand Weapons
 a - a +0 war axe
 j - a +0 broad axe of electrocution (weapon)
   (You found it on level 6 of the Dungeon)
Missiles
 y - 27 boomerangs (quivered)
 I - 2 silver javelins
Armour
 c - a +0 buckler (worn)
 n - a +0 pair of boots (worn)
   (You found it on level 1 of the Dungeon)
 o - a +0 plate armour (worn)
   (You took it off an orc warrior on level 7 of the Dungeon)
 H - a +0 cloak (worn)
   (You found it on level 11 of the Dungeon)
Jewellery
 i - a +4 ring of protection (right hand)
   (You bought it in a shop on level 4 of the Dungeon)
 k - an amulet of regeneration (around neck)
   (You found it on level 5 of the Dungeon)
 m - a ring of willpower
   (You found it on level 8 of the Dungeon)
 p - a +4 ring of protection (left hand)
   (You found it on level 3 of the Dungeon)
 C - a ring of flight
   (You found it on level 7 of the Dungeon)
 G - a +6 ring of strength
   (You found it on level 11 of the Dungeon)
Wands
 g - a wand of digging (6)
   (You found it on level 6 of the Dungeon)
 A - a wand of iceblast (1)
   (You found it on level 10 of the Dungeon)
 E - a wand of light (4)
   (You took it off Joseph on level 8 of the Dungeon)
Scrolls
 l - a scroll of magic mapping
 r - a scroll of identify
 t - 3 scrolls of teleportation
 u - a scroll of enchant armour
 v - a scroll of immolation
 x - a scroll of poison
 z - a scroll of blinking
 F - a scroll of fear
Potions
 b - 2 potions of cancellation
 d - a potion of mutation
 e - 2 potions of magic
 f - 7 potions of flight
 h - 3 potions of haste
 q - 2 potions of curing
 s - 2 potions of ambrosia
 B - 3 potions of lignification {unknown}
 D - 4 potions of degeneration {unknown}


   Skills:
 + Level 10.7 Fighting
 * Level 14.3 Axes
 + Level 10.7 Armour
 + Level 4.3 Dodging
 - Level 3.6 Shields
 + Level 4.0 Invocations


You had 10 spell levels left.
You didn't know any spells.
Your spell library was empty.

Dungeon Overview and Level Annotations

Branches:
Dungeon (11/15)            Temple (1/1) D:7          Bailey (visited)
   Lair: D:8-11         Orc: D:9-12

Altars:
Ashenzari
Cheibriados
Dithmenos
Elyvilon
Fedhas
Gozag
Hepliaklqana
Kikubaaqudgha
Makhleb
Nemelex Xobeh
Okawaru
Qazlal
Ru
Sif Muna
Trog
Uskayaw
Vehumet
Wu Jian
Xom
Yredelemnul
Zin
The Shining One

Shops:
D:4 =   D:6 (

Portals:
Trove: D:10 (give +2 storm dragon scales)

Annotations:
D:3 3 runed translucent doors, p0werm0de's ghost, weakling GrCK
D:8 4 exclusions, Erica
D:9 2 transporters, Plasmagod's ghost, journeyman MiBe


Innate Abilities, Weirdness & Mutations

You have a pair of horns on your head.
You reflexively headbutt those who attack you in melee.
Your mind is acute. (Int +4, Str/Dex -1)
You have an increased reservoir of magic. (+10% MP)
You are somewhat resistant to further mutation.


Message History

Cheibriados thoroughly appreciates the change of pace.
You hit the gnoll. The gnoll misses you.
Your Invocations skill increases to level 4!
You slash the gnoll!
You kill the gnoll!
Cheibriados appreciates the change of pace.
No target in view!
No target in view!
No target in view!
No target in view!
No target in view!
No target in view!
No target in view!
No target in view!
q - 4 potions of curing (gained 1)
m - a ring of willpower;
I - 2 silver javelins Erica the Fiery-Tempered comes into view.
She is wielding a +4 scimitar of flaming.
Erica shouts!
Erica is nearby!
Erica is nearby!
Erica drinks a potion.
Erica's spells are empowered!
Erica gestures at you while chanting.
You are confused.
Erica is nearby!
Erica is nearby!
Erica is nearby!
You are too confused!
You are too confused!
You are too confused!
You are too confused!
You are too confused!
Erica points at you and mumbles some strange words.
The bolt of poison hits you!!
You are poisoned.
Erica casts a spell at you.
You feel yourself slow down.
You feel extremely sick. Erica casts a spell at you.
You feel as though you will be slow longer.
You feel less confused.
You feel very sick.
Erica casts a spell.
Erica flickers and vanishes!
Deactivating autopickup; reactivate with Ctrl-A.
You hear some strange, mumbled words.
A lance of force appears from out of thin air!
The lance of force hits you!!
You are knocked back by the lance of force.
You slam into the rock wall!
You feel as though you will be slow longer.
You feel very sick. Something hits you but does no damage. Something hits you!
* * * LOW HITPOINT WARNING * * *
Something burns you.
* * * LOW HITPOINT WARNING * * *
You are too injured to fight recklessly!
You slash something! Your headbutt misses something.
You feel sick. Something hits you but does no damage.
You are too injured to fight recklessly!
You feel better.
You hear some strange, mumbled words.
A bolt of poison appears from out of thin air!
The bolt of poison hits you!!
You are poisoned.
* * * LOW HITPOINT WARNING * * *
You feel much better.
You feel very sick. Something hits you but does no damage.
You hear some strange, mumbled words.
Something tries to affect you, but you resist.
You can feel time thicken for a moment.
You can no longer inflict damage on those overly hasty.
Cheibriados lowers the support of your attributes as your movement quickens.
You feel very sick.
You hear some strange, mumbled words.
You feel as though you will be slow longer.
Okay, then.
Unknown command.
Aiming: Iceblast
Press: ? - help, Shift-Dir - straight line The mass of ice explodes!
The iceblast engulfs something!
You feel very sick. Something hits you but does no damage.
You hear some strange, mumbled words.
A bolt of poison appears from out of thin air!
The bolt of poison hits you.
You are more poisoned.
* * * LOW HITPOINT WARNING * * *
Okay, then.
You feel better. Something hits you.
* * * LOW HITPOINT WARNING * * *
Something burns you.
* * * LOW HITPOINT WARNING * * *
You hit something but do no damage. Your headbutt misses something.
Something hits you!
* * * LOW HITPOINT WARNING * * *
Something burns you.
* * * LOW HITPOINT WARNING * * *
Something hits you.
You die...

#.# #.## .. #..# #.# ## ## #..#
#.## ..#### .## #..# #..##......
..#####..## #...#......
.....##...# #........##
..........# #..{.......
###.......# #.@........
##......## #..........
##......####...........
###........#............. ...
###.............................
.......#####.....................
....#### ##................#...
..### ##...<............##...
..## #...#.............###..


There were no monsters in sight!

Vanquished Creatures
  A hydra (D:11)
  A two-headed ogre (D:8)
  An orc knight (Bailey)
  An ugly thing (D:9)
  A cyclops (D:11)
  Joseph (D:8)
  Psyche (D:8)
  A gargoyle (D:11)
  A komodo dragon (D:6)
  A troll (D:10)
  Grinder (D:5)
  A wraith (D:10)
  A wyvern (D:9)
  3 yaks (D:9)
  4 vampire mosquitoes (D:11)
  2 water moccasins
  Duvessa (D:5)
  2 ice beasts
  3 black bears (D:6)
  10 orc warriors
  An ogre (D:6)
  5 centaurs
  4 kobold brigands
  A necrophage (D:4)
  3 bullfrogs (D:7)
  2 scorpions
  3 wights (D:7)
  Dowan (D:5)
  13 killer bees
  7 howler monkeys
  An electric eel (D:9)
  2 jellies
  2 hounds
  6 orc priests
  A gnoll bouda (D:8)
  5 iguanas
  Natasha (thrice) (D:4)
  8 orc wizards
  6 gnolls
  8 adders
  An ufetubus (D:5)
  2 worms (D:2)
  A dart slug (D:1)
  31 orcs
  3 ball pythons
  10 endoplasms
  3 giant cockroaches
  9 goblins
  8 hobgoblins
  4 quokkas (D:2)
  3 bats
  3 frilled lizards
  33 kobolds
  6 rats
237 creatures vanquished.

Vanquished Creatures (others)
  5 plants
5 creatures vanquished.

Grand Total: 242 creatures vanquished

Notes
Turn   | Place    | Note
-------+----------+-------------------------------------------
     0 | D:1      | Flugkiller the Minotaur Fighter began the quest for the
                  | Orb.
     0 | D:1      | Reached XP level 1. HP: 19/19 MP: 0/0
   251 | D:1      | Reached XP level 2. HP: 27/27 MP: 1/1
   261 | D:1      | Reached skill level 3 in Axes
   864 | D:2      | Reached XP level 3. HP: 21/33 MP: 2/2
  1334 | D:2      | Found a faded altar of an unknown god.
  1543 | D:3      | Found a runed translucent gate.
  1543 | D:3      | Found a runed translucent gate.
  1543 | D:3      | Found a runed translucent gate.
  1549 | D:3      | Noticed p0werm0de's ghost (weakling GrCK)
  1622 | D:3      | Reached skill level 4 in Axes
  1903 | D:3      | Reached XP level 4. HP: 41/41 MP: 3/3
  1904 | D:3      | Found an ancient bone altar of Kikubaaqudgha.
  2619 | D:4      | Reached skill level 5 in Axes
  2619 | D:4      | Reached XP level 5. HP: 4/47 MP: 4/4
  3069 | D:4      | Noticed Natasha
  3072 | D:4      | Killed Natasha
  3073 | D:4      | Reached skill level 5 in Fighting
  3178 | D:4      | Noticed Natasha
  3188 | D:4      | Killed Natasha
  3189 | D:4      | Reached skill level 5 in Armour
  3199 | D:4      | HP: 1/46 [necrophage (5)]
  3201 | D:4      | Reached XP level 6. HP: 2/56 MP: 5/5
  3255 | D:4      | Reached skill level 6 in Axes
  3520 | D:4      | Noticed Natasha
  3534 | D:4      | Killed Natasha
  3746 | D:4      | Found Onuonnifa's Jewellery Shop.
  3984 | D:5      | Entered Level 5 of the Dungeon
  3986 | D:5      | Noticed Grinder
  3996 | D:5      | Paralysed by Grinder for 4 turns
  4003 | D:5      | Paralysed by Grinder for 4 turns
  4006 | D:5      | HP: 2/56 [poisoned by a scorpion]
  4008 | D:5      | Killed Grinder
  4009 | D:5      | Reached skill level 7 in Axes
  4009 | D:5      | Reached XP level 7. HP: 17/63 MP: 6/6
  4016 | D:5      | HP: 3/63 [poisoned by a scorpion]
  4017 | D:5      | Gained mutation: Your mind is acute. (Int +4, Str/Dex -1)
                  | [potion of mutation]
  4017 | D:5      | Gained mutation: You have an increased reservoir of magic.
                  | (+10% MP) [potion of mutation]
  4017 | D:5      | Gained mutation: You are somewhat resistant to further
                  | mutation. [potion of mutation]
  4021 | D:5      | HP: 2/94 [poisoned by a scorpion]
  4894 | D:5      | Noticed Duvessa
  4894 | D:5      | Noticed Dowan
  4904 | D:5      | Killed Duvessa
  4918 | D:5      | Killed Dowan
  4919 | D:5      | Reached skill level 8 in Axes
  5263 | D:5      | Found a snail-covered altar of Cheibriados.
  5382 | D:6      | Noticed a komodo dragon
  5638 | D:5      | Identified a scroll of acquirement
  5638 | D:5      | Acquired 878 gold pieces
  5691 | D:4      | Bought a +4 ring of protection for 396 gold pieces
  5733 | D:6      | Reached XP level 8. HP: 71/71 MP: 7/7
  5755 | D:6      | Reached skill level 9 in Axes
  5870 | D:6      | Killed a komodo dragon
  5871 | D:6      | Reached skill level 10 in Axes
  6081 | D:6      | Found Akyunose's Weapon Shoppe.
  6186 | D:7      | Reached XP level 9. HP: 81/81 MP: 8/8
  6451 | D:7      | Found a broken altar of Ashenzari.
  6509 | D:7      | Reached skill level 11 in Axes
  6545 | D:7      | Found a burning altar of Makhleb.
  6545 | D:7      | Found a sparkling altar of Nemelex Xobeh.
  6585 | D:7      | Found a staircase to the Ecumenical Temple.
  6654 | Temple   | Entered the Ecumenical Temple
  7116 | D:5      | Became a worshipper of Cheibriados the Contemplative
  7192 | D:8      | Noticed Joseph
  7204 | D:8      | Killed Joseph
  7381 | D:8      | Noticed a two-headed ogre
  7403 | D:8      | Killed a two-headed ogre
  7404 | D:8      | Reached skill level 12 in Axes
  7404 | D:8      | Reached XP level 10. HP: 35/91 MP: 10/10
  7577 | D:8      | Noticed Psyche
  7579 | D:8      | Found a sacrificial altar of Ru.
  7588 | D:8      | Killed Psyche
  7690 | D:8      | Reached skill level 1 in Dodging
  7878 | D:9      | Reached skill level 1 in Invocations
  7964 | D:9      | Reached * piety under Cheibriados
  7965 | D:9      | Found an opulent altar of Gozag.
  8050 | D:9      | Reached skill level 13 in Axes
  8054 | D:9      | Noticed a cyan ugly thing
  8064 | D:9      | Killed a cyan ugly thing
  8065 | D:9      | Reached skill level 10 in Fighting
  8180 | D:9      | Found a transporter.
  8185 | D:9      | Noticed Plasmagod's ghost (journeyman MiBe)
  8186 | D:9      | Noticed a two-headed ogre
  8244 | D:9      | Found a transporter.
  8246 | D:9      | Identified the +10 great mace of Zyejitah {drain, Will+}
  8246 | D:9      | Noticed a two-headed ogre
  8249 | D:9      | Noticed a two-headed ogre
  8249 | D:9      | Noticed a two-headed ogre
  8253 | D:9      | Reached skill level 10 in Armour
  8435 | D:9      | Found a white marble altar of Elyvilon.
  8642 | D:10     | Entered Level 10 of the Dungeon
  8738 | D:10     | Reached ** piety under Cheibriados
  8767 | D:10     | Found a portal to a secret trove of treasure.
  8801 | D:10     | Found a flagged portal.
  8811 | Bailey   | Entered a bailey
  8832 | Bailey   | Noticed an orc knight
  8846 | Bailey   | Killed an orc knight
  8907 | Bailey   | Reached *** piety under Cheibriados
  9401 | D:10     | Found an iron altar of Okawaru.
  9413 | D:10     | Reached XP level 11. HP: 99/101 MP: 13/13
  9629 | D:10     | Noticed a skeletal warrior
  9629 | D:10     | Noticed a boulder beetle
  9894 | D:11     | Reached **** piety under Cheibriados
  9895 | D:11     | Reached skill level 14 in Axes
  9909 | D:11     | HP: 4/101 [gargoyle/+0 dire flail (9)]
 10199 | D:11     | Noticed a six-headed hydra
 10200 | D:11     | Noticed a skeletal warrior
 10202 | D:11     | Noticed a skeletal warrior
 10204 | D:11     | Noticed a skeletal warrior
 10206 | D:11     | Noticed a skeletal warrior
 10209 | D:11     | Killed a 12-headed hydra
 10676 | D:8      | Noticed Erica
 10684 | D:8      | HP: 2/101 [something/bolt of poison (34)]
 10689 | D:8      | HP: 1/101 [something (5)]
 10689 | D:8      | Slain by Erica

Illustrated notes

Levels and vault maps discovered:
D:1:      spicycebolla_arrival_clurvy, layout_loops_cross
D:2:      layout_rooms, dilly_ecumenical_altar_fadedgnrine
D:3:      layout_basic, lemuel_crystal_altar, gammafunk_ghost_split
D:4:      layout_basic, serial_shops, shop, kennysheep_pointless_box,
          uniq_natasha
D:5:      layout_layer_cave, old_standard_altar, uniq_duvessa, uniq_grinder
D:6:      layout_rooms, serial_shops, nicolae_shop_hallway_stairs
D:7:      layout_basic, overflow_temple_1_default,
          amethyst_overflow_temple_binary, minmay_temple_entry_junction,
          nicolae_titane
D:8:      layout_layer_cave, nicolae_ru_awakened_eye, serial_bayou_lake_a,
          uniq_erica, uniq_psyche, uniq_joseph
D:9:      layout_long_grid, mainiacjoe_overflow_tiny_flanked,
          nicolae_elyvilon_temple_path, gammafunk_ghost_smash
D:10:     layout_stronghold, nicolae_overflow_hidden_temple, enter_bailey_6,
          enter_trove_1, lightli_corner_chamber
D:11:     layout_rooms, erik_lair_dragon
Temple:   nicolae_temple_ecumenical_triangle

Skill      XL: |  1  2  3  4  5  6  7  8  9 10 11 |
---------------+----------------------------------+-----
Axes           | 3 4 5 7 8 10 12 13 14 | 14.3
Fighting       | 4 5 6 7 9 10 | 10.7
Armour         | 4 5 6 7 9 10 | 10.7
Dodging        | 3 4 |  4.3
Invocations    | 3 4 |  4.0
Shields        | |  3.6

Action                   |  1- 3 |  4- 6 |  7- 9 | 10-12 || total
-------------------------+-------+-------+-------+-------++-------
Melee: War axe           |    90 |   102 |    61 |       ||   253
       Headbutt          |    17 |    16 |    31 |    54 ||   118
       Broad axe         |       |       |   124 |   256 ||   380
Invok: Slouch            |       |       |       |     2 ||     2
Evoke: Wand              |       |       |     6 |     1 ||     7
  Use: Potion            |       |     3 |    12 |     4 ||    19
       Scroll            |       |     1 |    10 |     7 ||    18
 Stab: Paralysed         |       |       |     5 |       ||     5
       Invisible         |       |       |     3 |       ||     3
Armor: Scale mail        |    31 |    46 |    71 |       ||   148
       Plate armour      |       |       |    61 |   198 ||   259
Dodge: Dodged            |    32 |    59 |    77 |   137 ||   305
Block: Buckler           |    22 |    23 |    60 |    86 ||   191
